| TOP OF THE 1ST |
|
Greeneville Astros batting - Pitching for Princeton Rays : LHP Ryan Folks
|
|
Pitching: LHP Ryan Folks
|
|
|
Batting: RHB Edgar Trejo
|
0-0: Foul Ball, location: 2F 0-1: Ball 1-1: Ball 2-1: Ball 3-1: Called Strike 3-2: Base on Balls
|
|
Batting: RHB Bruce Bermudez
|
0-0: Ball Wild Pitch! Edgar Trejo to second 1-0: Called Strike 1-1: Ball 2-1: Ball 3-1: Foul Ball, location: 2F 3-2: Foul Ball, location: 2F 3-2: Base on Balls
|
|
Batting: RHB Ryan Salas
|
0-0: Ball 1-0: Ball 2-0: Called Strike 2-1: Foul Ball, location: 2F 2-2: Foul Ball, location: 2F 2-2: Strikes out looking
|
|
Batting: RHB Ramon Castellon
|
0-0: Ball 1-0: Ball Wild Pitch! Edgar Trejo to third Bruce Bermudez to second 2-0: Called Strike 2-1: Foul Ball, location: 2F 2-2: Strikes out swinging
|
|
Batting: RHB Workneh Lagat
|
0-0: Ball 1-0: Ball 2-0: Foul Ball, location: 2F 2-1: Ground out 5-3 (Groundball, 5, EV 105.6 MPH)
|
| Top of the 1st over - 0 runs, 0 hits, 0 errors, 2 left on base; Greeneville 0 - Princeton 0 |
| BOTTOM OF THE 1ST |
|
Princeton Rays batting - Pitching for Greeneville Astros : RHP Josh Willig
|
|
Pitching: RHP Josh Willig
|
|
|
Batting: RHB James Huddleston
|
0-0: Ball 1-0: Fly out, F8 (Flyball, 8RD, EV 87.5 MPH)
|
|
Batting: RHB Dan Marks
|
0-0: Ball 1-0: Foul Ball, location: 2F 1-1: Swinging Strike 1-2: Foul Ball, location: 2F 1-2: SINGLE (Groundball, 4MD, EV 99.4 MPH)
|
|
Batting: LHB Rocky Crowley
|
0-0: Called Strike 0-1: Ball 1-1: Swinging Strike 1-2: Strikes out swinging
|
|
Batting: RHB Wil Urban
|
0-0: Ball 1-0: Called Strike 1-1: Called Strike 1-2: Strikes out looking
|
| Bottom of the 1st over - 0 runs, 1 hit, 0 errors, 1 left on base; Greeneville 0 - Princeton 0 |
| TOP OF THE 2ND |
|
Greeneville Astros batting - Pitching for Princeton Rays : LHP Ryan Folks
|
|
Batting: LHB Josh Birkner
|
0-0: Ball 1-0: Called Strike 1-1: Ball 2-1: Foul Ball, location: 2F 2-2: Foul Ball, location: 2F 2-2: Foul Ball, location: 2F 2-2: Foul Ball, location: 2F 2-2: Strikes out swinging
|
|
Batting: LHB Kyle Moore
|
0-0: Ball 1-0: Called Strike 1-1: Fly out, F7 (Flyball, 7S, EV 81.9 MPH)
|
|
Batting: RHB Guo-ning Chen
|
0-0: Foul Ball, location: 2F 0-1: Swinging Strike 0-2: Fly out, F6 (Line Drive, 6, EV 61.9 MPH)
|
| Top of the 2nd over - 0 runs, 0 hits, 0 errors, 0 left on base; Greeneville 0 - Princeton 0 |
| BOTTOM OF THE 2ND |
|
Princeton Rays batting - Pitching for Greeneville Astros : RHP Josh Willig
|
|
Batting: SHB Lou Kroneman
|
0-0: Called Strike 0-1: Foul Ball, location: 2F 0-2: Ball 1-2: Ball 2-2: Ball 3-2: DOUBLE (Line Drive, 7LM, EV 113.1 MPH)
|
|
Batting: SHB Wayne Hattan
|
0-0: Ball 1-0: Swinging Strike 1-1: Ball 2-1: Ball 3-1: 2-RUN HOME RUN (Line Drive, 9LD, EV 99.4 MPH), Distance : 360 ft
|
|
Batting: SHB Berthold Frey
|
0-0: Ball 1-0: Ball 2-0: Ball 3-0: Base on Balls
|
|
Batting: RHB Chris Thorson
|
0-0: Ball 1-0: Called Strike 1-1: Ball 2-1: Fly out, F8 (Flyball, 8LM, EV 91.9 MPH)
|
|
Batting: RHB Bazyli Andrysiak
|
0-0: Ball 1-0: Ball 2-0: SINGLE (Line Drive, 56, EV 95.6 MPH) Berthold Frey to second
|
|
Batting: RHB James Huddleston
|
0-0: Fly out, F7 (Line Drive, 7, EV 98.8 MPH)
|
|
Batting: RHB Dan Marks
|
0-0: Called Strike 0-1: Ball 1-1: Ball 2-1: Ball 3-1: Swinging Strike 3-2: Fly out, F3 (Line Drive, 3, EV 69.4 MPH)
|
| Bottom of the 2nd over - 2 runs, 3 hits, 0 errors, 2 left on base; Greeneville 0 - Princeton 2 |
| TOP OF THE 3RD |
|
Greeneville Astros batting - Pitching for Princeton Rays : LHP Ryan Folks
|
|
Batting: RHB Erik Smith
|
0-0: Ball 1-0: Ground out 5-3 (Groundball, 56, EV 109.4 MPH)
|
|
Batting: RHB Edgar Trejo
|
0-0: Foul Ball, location: 2F 0-1: Foul Ball, location: 2F 0-2: Foul Ball, location: 2F 0-2: Foul Ball, location: 2F 0-2: Ball 1-2: Fly out, F1 (Popup, P, EV 75.0 MPH)
|
|
Batting: RHB Bruce Bermudez
|
0-0: DOUBLE (Flyball, 78D, EV 97.5 MPH)
|
|
Batting: RHB Ryan Salas
|
0-0: Fly out, F8 (Line Drive, 8RD, EV 93.8 MPH)
|
| Top of the 3rd over - 0 runs, 1 hit, 0 errors, 1 left on base; Greeneville 0 - Princeton 2 |
| BOTTOM OF THE 3RD |
|
Princeton Rays batting - Pitching for Greeneville Astros : RHP Josh Willig
|
|
Batting: LHB Rocky Crowley
|
0-0: Ball 1-0: Ball 2-0: Called Strike 2-1: Ball 3-1: Base on Balls
|
|
Batting: RHB Wil Urban
|
0-0: Ball 1-0: 2-RUN HOME RUN (Line Drive, 7D, EV 98.8 MPH), Distance : 394 ft
|
|
Batting: SHB Lou Kroneman
|
0-0: Called Strike 0-1: Fly out, F6 (Flyball, 56D, EV 81.9 MPH)
|
|
Batting: SHB Wayne Hattan
|
0-0: Ball 1-0: SOLO HOME RUN (Flyball, 9LD, EV 98.1 MPH), Distance : 369 ft
|
|
Batting: SHB Berthold Frey
|
0-0: Ball 1-0: Ball 2-0: Ball 3-0: Foul Ball, location: 2F 3-1: Base on Balls
|
|
Batting: RHB Chris Thorson
|
0-0: Ball 1-0: Ball 2-0: Foul Ball, location: 2F 2-1: Called Strike 2-2: DOUBLE (Flyball, 8LXD, EV 102.5 MPH) Berthold Frey to third Runner from 3rd tries for Home, SAFE, throw by CF to trailing runner, SAFE at third!
|
|
Pitching: LHP Ruben Rojas
|
|
|
Batting: RHB Bazyli Andrysiak
|
0-0: Ball 1-0: Foul Ball, location: 2F 1-1: Called Strike 1-2: Ball 2-2: Ball 3-2: Foul Ball, location: 2F 3-2: Foul Ball, location: 2F 3-2: Base on Balls
|
|
Batting: RHB James Huddleston
|
0-0: Ball 1-0: Foul Ball, location: 2F 1-1: Called Strike 1-2: Fielders Choice at 2nd, 5-4 (Groundball, 56, EV 88.8 MPH) Chris Thorson scores
|
|
Batting: RHB Dan Marks
|
0-0: Ball 1-0: Ball Wild Pitch! James Huddleston to second 2-0: Ball 3-0: Base on Balls
|
|
Batting: LHB Rocky Crowley
|
0-0: Ball 1-0: Ball 2-0: Swinging Strike 2-1: Called Strike 2-2: Ball 3-2: Foul Ball, location: 2F 3-2: Strikes out swinging
|
| Bottom of the 3rd over - 5 runs, 3 hits, 0 errors, 2 left on base; Greeneville 0 - Princeton 7 |
| TOP OF THE 4TH |
|
Greeneville Astros batting - Pitching for Princeton Rays : LHP Ryan Folks
|
|
Batting: RHB Ramon Castellon
|
0-0: Swinging Strike 0-1: Foul Ball, location: 2F 0-2: Strikes out looking
|
|
Batting: RHB Workneh Lagat
|
0-0: Called Strike 0-1: Foul Ball, location: 2F 0-2: Ball 1-2: Ball 2-2: Ball 3-2: Base on Balls
|
|
Batting: LHB Josh Birkner
|
0-0: Ball Wild Pitch! Workneh Lagat to second 1-0: Foul Ball, location: 2F 1-1: Foul Ball, location: 2F 1-2: Strikes out swinging
|
|
Batting: LHB Kyle Moore
|
0-0: Called Strike 0-1: Swinging Strike 0-2: Ball 1-2: SINGLE (Line Drive, 4D, EV 97.5 MPH) Workneh Lagat to third
|
|
Batting: RHB Guo-ning Chen
|
0-0: Called Strike 0-1: Foul Ball, location: 2F 0-2: Strikes out swinging
|
| Top of the 4th over - 0 runs, 1 hit, 0 errors, 2 left on base; Greeneville 0 - Princeton 7 |
| BOTTOM OF THE 4TH |
|
Princeton Rays batting - Pitching for Greeneville Astros : LHP Ruben Rojas
|
|
Batting: RHB Wil Urban
|
0-0: Called Strike 0-1: Foul Ball, location: 2F 0-2: SOLO HOME RUN (Flyball, 8LXD, EV 113.8 MPH), Distance : 446 ft
|
|
Batting: SHB Lou Kroneman
|
0-0: Ball 1-0: Ball 2-0: Called Strike 2-1: Ball 3-1: Called Strike 3-2: Strikes out swinging
|
|
Batting: SHB Wayne Hattan
|
0-0: Ball 1-0: Called Strike 1-1: Ball 2-1: Foul Ball, location: 2F 2-2: Ground out 4-3 (Groundball, 4, EV 100.0 MPH)
|
|
Batting: SHB Berthold Frey
|
0-0: Foul Ball, location: 2F 0-1: Ball 1-1: Foul Ball, location: 2F 1-2: Foul Ball, location: 2F 1-2: Ball 2-2: Foul Ball, location: 2F 2-2: Ball 3-2: Fly out, F4 (Popup, 34S, EV 75.6 MPH)
|
| Bottom of the 4th over - 1 run, 1 hit, 0 errors, 0 left on base; Greeneville 0 - Princeton 8 |
| TOP OF THE 5TH |
|
Greeneville Astros batting - Pitching for Princeton Rays : LHP Ryan Folks
|
|
Batting: RHB Erik Smith
|
0-0: Ball 1-0: Foul Ball, location: 2F 1-1: Foul Ball, location: 2F 1-2: Hit by Pitch
|
|
Pitching: RHP John Morgan
|
|
|
Batting: RHB Edgar Trejo
|
0-0: Called Strike 0-1: Ball 1-1: Swinging Strike 1-2: Ball 2-2: Strikes out swinging
|
|
Batting: RHB Bruce Bermudez
|
0-0: Called Strike 0-1: Ball 1-1: Swinging Strike 1-2: Ball 2-2: Foul Ball, location: 2F 2-2: Strikes out swinging
|
|
Batting: RHB Ryan Salas
|
0-0: Ball 1-0: Called Strike 1-1: Ball Wild Pitch! Erik Smith to second 2-1: Swinging Strike 2-2: Strikes out swinging
|
| Top of the 5th over - 0 runs, 0 hits, 0 errors, 1 left on base; Greeneville 0 - Princeton 8 |
| BOTTOM OF THE 5TH |
|
Princeton Rays batting - Pitching for Greeneville Astros : LHP Ruben Rojas
|
|
Batting: RHB Chris Thorson
|
0-0: Ball 1-0: Foul Ball, location: 2F 1-1: Swinging Strike 1-2: Foul Ball, location: 2F 1-2: Ball 2-2: Ball 3-2: Base on Balls
|
|
Batting: RHB Bazyli Andrysiak
|
0-0: Foul Ball, location: 2F 0-1: DOUBLE (Flyball, 8RXD, EV 102.5 MPH) Chris Thorson to third Runner from 3rd tries for Home, SAFE, throw by CF to home
|
|
Batting: RHB James Huddleston
|
0-0: Ball 1-0: Ball 2-0: Ball 3-0: Called Strike 3-1: Base on Balls
|
|
Batting: RHB Dan Marks
|
0-0: Ball 1-0: Foul Ball, location: 2F 1-1: Ball 2-1: Ball 3-1: Called Strike 3-2: Foul Ball, location: 2F 3-2: Fly out, F8 (Flyball, 8RM, EV 81.2 MPH)
|
|
Pitching: RHP James Browning
|
|
|
Batting: LHB Rocky Crowley
|
0-0: Called Strike 0-1: Swinging Strike 0-2: Ball 1-2: Foul Ball, location: 2F 1-2: Ball 2-2: Ball 3-2: Base on Balls Bazyli Andrysiak to third James Huddleston to second
|
|
Batting: RHB Wil Urban
|
0-0: Ball 1-0: Called Strike 1-1: Foul Ball, location: 2F 1-2: Ball 2-2: Fly out, F8 (Flyball, 89D, EV 94.4 MPH) Runner from 3rd tags up, SCORES, no throw by CF James Huddleston to third
|
|
Batting: SHB Lou Kroneman
|
0-0: Ball 1-0: Ground out 4-3 (Groundball, 4, EV 90.0 MPH)
|
| Bottom of the 5th over - 2 runs, 1 hit, 0 errors, 2 left on base; Greeneville 0 - Princeton 10 |
| TOP OF THE 6TH |
|
Greeneville Astros batting - Pitching for Princeton Rays : RHP John Morgan
|
|
Batting: RHB Ramon Castellon
|
0-0: Foul Ball, location: 2F 0-1: Foul Ball, location: 2F 0-2: Ball 1-2: Ball 2-2: Ground out 5-3 (Groundball, 5S, EV 82.5 MPH)
|
|
Batting: RHB Workneh Lagat
|
0-0: Ball 1-0: Ball 2-0: Ball 3-0: Base on Balls
|
|
Batting: LHB Josh Birkner
|
0-0: Ball 1-0: Foul Ball, location: 2F 1-1: Called Strike 1-2: DOUBLE (Line Drive, 9LD, EV 103.8 MPH) Workneh Lagat to third
|
|
Batting: LHB Kyle Moore
|
0-0: Ball 1-0: Ball 2-0: Ball 3-0: Hit by Pitch
|
|
Batting: RHB Guo-ning Chen
|
0-0: Foul Ball, location: 2F 0-1: Ball 1-1: Swinging Strike 1-2: Foul Ball, location: 2F 1-2: Strikes out swinging
|
|
Pinch Hitting: RHB Jason Monico
|
0-0: Called Strike 0-1: Foul Ball, location: 2F 0-2: Ball 1-2: Foul Ball, location: 2F 1-2: Foul Ball, location: 2F 1-2: Strikes out swinging
|
| Top of the 6th over - 0 runs, 1 hit, 0 errors, 3 left on base; Greeneville 0 - Princeton 10 |
| BOTTOM OF THE 6TH |
|
Princeton Rays batting - Pitching for Greeneville Astros : RHP James Browning
|
|
Now at 2B: Jason Monico
|
|
|
Now in LF: Edgar Trejo
|
|
|
Batting: SHB Wayne Hattan
|
0-0: Ball 1-0: SINGLE (Groundball, 6D, EV 102.5 MPH)
|
|
Batting: SHB Berthold Frey
|
0-0: Ball 1-0: Ball 2-0: Ball 3-0: Called Strike 3-1: Base on Balls Wayne Hattan to second
|
|
Pitching: LHP Mark Sanders
|
|
|
Batting: RHB Chris Thorson
|
0-0: Called Strike 0-1: Ball 1-1: SINGLE (Flyball, 89S, EV 86.2 MPH) Wayne Hattan to third Berthold Frey to second
|
|
Batting: RHB Bazyli Andrysiak
|
0-0: Called Strike 0-1: Fielders Choice at 2nd, 5-4 (Groundball, 56S, EV 81.9 MPH) Wayne Hattan scores Berthold Frey to third
|
|
Batting: RHB James Huddleston
|
0-0: Ball 1-0: Foul Ball, location: 2F 1-1: SINGLE (Groundball, 15S, EV 63.1 MPH) (infield hit) Bazyli Andrysiak to second
|
|
Batting: RHB Dan Marks
|
0-0: Ball 1-0: Ball 2-0: Foul Ball, location: 2F 2-1: Swinging Strike 2-2: Ball 3-2: Base on Balls Berthold Frey scores Bazyli Andrysiak to third James Huddleston to second
|
|
Batting: LHB Rocky Crowley
|
0-0: Called Strike 0-1: Swinging Strike 0-2: GRAND SLAM HOME RUN (Flyball, 9D, EV 95.0 MPH), Distance : 376 ft
|
|
Pitching: RHP Calisto Morda
|
|
|
Batting: RHB Wil Urban
|
0-0: Called Strike 0-1: Swinging Strike 0-2: Strikes out swinging
|
|
Batting: SHB Lou Kroneman
|
0-0: Ball 1-0: Ball 2-0: Called Strike 2-1: SINGLE (Groundball, 4S, EV 67.5 MPH) (infield hit)
|
|
Batting: SHB Wayne Hattan
|
0-0: Ball 1-0: Called Strike 1-1: Fly out, F7 (Flyball, 78D, EV 102.5 MPH)
|
| Bottom of the 6th over - 6 runs, 5 hits, 0 errors, 1 left on base; Greeneville 0 - Princeton 16 |
| TOP OF THE 7TH |
|
Greeneville Astros batting - Pitching for Princeton Rays : RHP John Morgan
|
|
Batting: RHB Edgar Trejo
|
0-0: Called Strike 0-1: Ball 1-1: Ball 2-1: Ball 3-1: Called Strike 3-2: Fly out, F9 (Flyball, 89M, EV 83.8 MPH)
|
|
Batting: RHB Bruce Bermudez
|
0-0: Called Strike 0-1: Ball 1-1: Ball 2-1: Called Strike 2-2: Ball 3-2: Foul Ball, location: 2F 3-2: Foul Ball, location: 2F 3-2: Base on Balls
|
|
Pitching: RHP Takenori Iwata
|
|
|
Batting: RHB Ryan Salas
|
0-0: Called Strike 0-1: Foul Ball, location: 2F 0-2: SINGLE (Groundball, 6MD, EV 108.8 MPH) Bruce Bermudez to second
|
|
Batting: RHB Ramon Castellon
|
0-0: Fielders Choice at 2nd, 5-4 (Groundball, 56S, EV 86.9 MPH) Bruce Bermudez to third
|
|
Batting: RHB Workneh Lagat
|
0-0: Swinging Strike 0-1: Called Strike 0-2: Ball 1-2: Fly out, F8 (Flyball, 8RS, EV 78.1 MPH)
|
| Top of the 7th over - 0 runs, 1 hit, 0 errors, 2 left on base; Greeneville 0 - Princeton 16 |
| BOTTOM OF THE 7TH |
|
Princeton Rays batting - Pitching for Greeneville Astros : RHP Calisto Morda
|
|
Batting: SHB Berthold Frey
|
0-0: Ball 1-0: Called Strike 1-1: Foul Ball, location: 2F 1-2: Ball 2-2: Ball 3-2: Foul Ball, location: 2F 3-2: Foul Ball, location: 2F 3-2: Base on Balls
|
|
Pitching: RHP Devin Spears
|
|
|
Batting: RHB Chris Thorson
|
|
|
Pinch Hitting: RHB Jim Erdody
|
0-0: Called Strike 0-1: Called Strike 0-2: Ball 1-2: Foul Ball, location: 2F 1-2: Strikes out looking
|
|
Batting: RHB Bazyli Andrysiak
|
0-0: Called Strike 0-1: Ball 1-1: Called Strike 1-2: Ball 2-2: Ball 3-2: Base on Balls Berthold Frey to second
|
|
Batting: RHB James Huddleston
|
0-0: Called Strike 0-1: SINGLE (Groundball, 56D, EV 100.6 MPH) Berthold Frey to third Bazyli Andrysiak to second Runner from 3rd tries for Home, SAFE, throw by LF to home
|
|
Batting: RHB Dan Marks
|
0-0: Called Strike 0-1: Called Strike 0-2: Foul Ball, location: 2F 0-2: Ball 1-2: Foul Ball, location: 2F 1-2: Ball 2-2: Ground out 6-3 (Groundball, 56D, EV 95.6 MPH) Bazyli Andrysiak to third James Huddleston to second
|
|
Pitching: RHP Jon Davis
|
|
|
Batting: LHB Rocky Crowley
|
0-0: Ball 1-0: Ball 2-0: Ball 3-0: Base on Balls
|
|
Batting: RHB Wil Urban
|
0-0: Called Strike 0-1: GRAND SLAM HOME RUN (Flyball, 7LD, EV 94.4 MPH), Distance : 339 ft
|
|
Batting: SHB Lou Kroneman
|
0-0: Foul Ball, location: 2F 0-1: Foul Ball, location: 2F 0-2: Strikes out looking
|
| Bottom of the 7th over - 5 runs, 2 hits, 0 errors, 0 left on base; Greeneville 0 - Princeton 21 |
| TOP OF THE 8TH |
|
Greeneville Astros batting - Pitching for Princeton Rays : RHP Takenori Iwata
|
|
Now at 2B: Jim Erdody
|
|
|
Batting: LHB Josh Birkner
|
0-0: Ground out 4-3 (Groundball, 4M, EV 92.5 MPH)
|
|
Batting: LHB Kyle Moore
|
0-0: Foul Ball, location: 2F 0-1: Ground out 4-3 (Groundball, 4, EV 105.0 MPH)
|
|
Batting: RHB Guo-ning Chen
|
0-0: Foul Ball, location: 2F 0-1: Foul Ball, location: 2F 0-2: Ball 1-2: Strikes out swinging
|
| Top of the 8th over - 0 runs, 0 hits, 0 errors, 0 left on base; Greeneville 0 - Princeton 21 |
| BOTTOM OF THE 8TH |
|
Princeton Rays batting - Pitching for Greeneville Astros : RHP Jon Davis
|
|
Batting: SHB Wayne Hattan
|
0-0: Ball 1-0: Ball 2-0: Foul Ball, location: 2F 2-1: Ball 3-1: Base on Balls
|
|
Batting: SHB Berthold Frey
|
0-0: Ball 1-0: Ball 2-0: Ball 3-0: Called Strike 3-1: SINGLE (Flyball, 8RS, EV 91.2 MPH) Wayne Hattan to second
|
|
Pitching: RHP Oscar Andrade
|
|
|
Batting: RHB Jim Erdody
|
0-0: SINGLE (Groundball, 34D, EV 104.4 MPH) Wayne Hattan to third Berthold Frey to second
|
|
Batting: RHB Bazyli Andrysiak
|
0-0: Ball 1-0: Fielders Choice at 3rd, U5 (Groundball, 5L, EV 101.9 MPH) Wayne Hattan scores Jim Erdody to second
|
|
Batting: RHB James Huddleston
|
0-0: Ball 1-0: Ball 2-0: SINGLE (Line Drive, 6D, EV 101.9 MPH) Jim Erdody to third Bazyli Andrysiak to second
|
|
Batting: RHB Dan Marks
|
0-0: Foul Ball, location: 2F 0-1: SINGLE (Groundball, 56S, EV 64.4 MPH) (infield hit) Jim Erdody scores Bazyli Andrysiak to third James Huddleston to second
|
|
Batting: LHB Rocky Crowley
|
0-0: Called Strike 0-1: Ball 1-1: Ball 2-1: Ball 3-1: GRAND SLAM HOME RUN (Flyball, 9D, EV 101.9 MPH), Distance : 392 ft
|
|
Pitching: RHP Jaquan Alston
|
|
|
Batting: RHB Wil Urban
|
0-0: Reached on error, E5 (Groundball, 56S, EV 80.6 MPH)
|
|
Batting: SHB Lou Kroneman
|
0-0: Fielders Choice at 2nd, 3-6 (Groundball, 34, EV 98.8 MPH)
|
|
Batting: SHB Wayne Hattan
|
0-0: Ball 1-0: Called Strike 1-1: Foul Ball, location: 2F 1-2: Ball 2-2: Foul Ball, location: 2F 2-2: Fielders Choice at 2nd, U4 (Groundball, 4M, EV 108.1 MPH)
|
| Bottom of the 8th over - 6 runs, 5 hits, 1 error, 1 left on base; Greeneville 0 - Princeton 27 |
| TOP OF THE 9TH |
|
Greeneville Astros batting - Pitching for Princeton Rays : RHP Takenori Iwata
|
|
Batting: RHB Jason Monico
|
0-0: Ball 1-0: Foul Ball, location: 2F 1-1: Fly out, F8 (Flyball, 8RS, EV 82.5 MPH)
|
|
Batting: RHB Edgar Trejo
|
0-0: Ball 1-0: Ground out 4-3 (Groundball, 4, EV 106.2 MPH)
|
|
Batting: RHB Bruce Bermudez
|
0-0: Ball 1-0: Ball 2-0: Swinging Strike 2-1: Foul Ball, location: 2F 2-2: Strikes out swinging
|
| Top of the 9th over - 0 runs, 0 hits, 0 errors, 0 left on base; Greeneville 0 - Princeton 27 |
|